 Dungeon Crawl Stone Soup version 0.31-a0-455-g1a7b003ef0 (webtiles) character file.

Game seed: 11159643861975215268

78101 Xavori the Fencer (level 16, -14/113 HPs)
             Began as a Djinni Chaos Knight on Aug 4, 2023.
             Was a Plaything of Xom.
             Demolished by an orc knight
             ... wielding a +0 war axe
              (28 damage)
             ... on level 2 of the Orcish Mines.
             The game lasted 00:31:09 (30776 turns).

Xavori the Fencer (Djinni Chaos Knight)            Turns: 30776, Time: 00:31:10

Health: -14/113    AC: 22    Str: 19    XL:     16   Next: 7%
Gold:   2154       EV: 16    Int: 14    God:    Xom [.*....] SH: 21 Dex: 33

rFire   + . .        O - +7 long sword "Alol" {heavy, *Corrode rN+ Dex+6}
rCold   + + .        D - +1 kite shield {rC+}
rNeg    + . .        J - +0 ice dragon scales
rPois   ∞            (no helmet)
rElec   .            Q - +2 cloak
rCorr   .            k - +1 pair of gloves
SInv    .            (boots unavailable)
Will    ++...        s - amulet of reflection
Stlth   +++          j - +6 ring of dexterity
HPRegen 0.38/turn    x - +6 ring of dexterity
MPRegen 0.00/turn

%: corrode self (3%), reflection, clarity, infuse magic (-15 HP)
@: mighty, on berserk cooldown, flying, slowed, very slow
A: sickness immunity, fire resistance 2, cold vulnerability 1, float, innate
caster, HP casting, extra vitality 1, iridescent scales 2, clarity,
strong-willed 1, strong 1, MP-powered wands
a: Renounce Religion


You were on level 2 of the Orcish Mines.
You worshipped Xom.
You were a plaything of Xom.
You visited 3 branches of the dungeon, and saw 18 of its levels.
You also visited: Sewer, Ice Cave and Volcano.

You collected 2424 gold pieces.
You spent 270 gold pieces at shops.

Inventory:

Hand Weapons
 l - a +2 triple sword of chaos
 B - the +6 long sword "Ontatwio" {speed, rC- Dex+3}
   (You found it on level 7 of the Dungeon)

   Dex:       It affects your dexterity (+3).
   rC:        It makes you vulnerable to cold.
 M - a +1 scimitar of flaming
 O - the +7 long sword "Alol" (weapon) {heavy, *Corrode rN+ Dex+6}
   (You found it on level 2 of the Lair of Beasts)

   Dex:       It affects your dexterity (+6).
   rN:        It protects you from negative energy.
   *Corrode:  It may corrode you when you take damage.
Armour
 b - a +2 leather armour
 k - a +1 pair of gloves (worn)
 y - the +3 scale mail of Minor Irritation {rPois Int+3}
   (You bought it in a shop on level 7 of the Dungeon)

   Int:       It affects your intelligence (+3).
   rPois:     It protects you from poison.
 D - a +1 kite shield of cold resistance (worn)
 J - +0 ice dragon scales (worn)
 Q - a +2 cloak (worn)
Jewellery
 g - a ring of see invisible
 i - a ring of positive energy
 j - a +6 ring of dexterity (left hand)
 p - an amulet of faith
 s - an amulet of reflection (around neck)
 x - a +6 ring of dexterity (right hand)
 E - a ring of positive energy
 R - a +6 ring of intelligence
 S - a ring of positive energy
Wands
 d - a wand of charming (8)
 w - a wand of mindburst (11)
 G - a wand of polymorph (6)
 I - a wand of quicksilver (8)
 K - a wand of iceblast (2)
Scrolls
 c - a scroll of butterflies
 n - 2 scrolls of fog
 o - 4 scrolls of teleportation
 q - 2 scrolls of immolation
 u - 3 scrolls of enchant armour
 H - a scroll of torment
 P - 3 scrolls of revelation
 T - a scroll of enchant weapon
 U - a scroll of blinking
Potions
 a - 4 potions of brilliance {unknown}
 e - 2 potions of might
 f - a potion of ambrosia
 h - 3 potions of enlightenment
 m - a potion of resistance {unknown}
 r - 3 potions of mutation
 t - 4 potions of cancellation
 v - 3 potions of magic
 z - 5 potions of haste
 A - 7 potions of curing
 F - 2 potions of lignification {unknown}
 L - a potion of berserk rage


   Skills:
 + Level 10.0 Fighting
 + Level 15.6 Long Blades
 + Level 9.4 Armour
 + Level 7.7 Dodging
 - Level 6.4 Stealth
 + Level 10.5 Shields
 * Level 7.6 Spellcasting
 * Level 7.6 Conjurations
 * Level 7.6 Hexes
 * Level 7.6 Summonings
 * Level 7.6 Necromancy
 * Level 7.6 Translocations
 * Level 7.6 Transmutations
 * Level 7.6 Fire Magic
 * Level 7.6 Ice Magic
 * Level 7.6 Air Magic
 * Level 7.6 Earth Magic
 * Level 7.6 Poison Magic
 + Level 0.4 Evocations


You knew the following spells:

 Your Spells              Type           Power      Damage    Failure   Level
a - Freeze                Ice            100%       1d10      3%          1
b - Call Imp              Summ           52%        N/A       5%          2
c - Momentum Strike       Conj/Tloc      52%        3d9       5%          2
d - Summon Lightning Spi  Summ/Air       26%        N/A       34%         4
e - Dispel Undead         Necr           26%        3d13      34%         4
f - Silence               Hex/Air        13%        N/A       67%         5
g - Leda's Unmaking       Conj/Erth      13%        9d3       99%         6
Your spell library was empty.

Dungeon Overview and Level Annotations

Branches:
Dungeon (11/15)            Temple (0/1) D:7            Lair (5/5) D:11
  Swamp (0/4) Lair:2        Snake (0/4) Lair:2        Slime (0/5) Lair:5
    Orc (2/2) D:10          Sewer (visited)           IceCv (visited)
Volcano (visited)
    Elf: Orc:2

Altars:
Ashenzari
Dithmenos
Makhleb
Nemelex Xobeh
Trog
Xom

Shops:
D:1 =   D:7 [   D:8 *

Annotations:
Lair:1 2 transporters, OldManVictorn's ghost, journeyman GnWn


Innate Abilities, Weirdness & Mutations

You are immune to sickness and miasma.
You are immune to poison.
Your flesh is very heat resistant. (rF++)
You are vulnerable to cold. (rC-)
You float through the air rather than walking.
You learn spells naturally, not from books.
Your magical power is your life essence.
You have superior vitality. (+4 MHP)
You are mostly covered in iridescent scales. (AC +4)
You possess an exceptional clarity of mind.
You are strong-willed. (Will+)
Your muscles are strong. (Str +4, Int/Dex -1)
You expend health (3 HP) to strengthen your wands.


Message History

Saint Roka is severely wounded.
You block the orc warrior's attack.
Saint Roka invokes the aid of Beogh against you.
Beogh smites you! You block the orc's attack.
The orc knight hits you with a +0 war axe!!
You barely miss Saint Roka.
Saint Roka is severely wounded.
You block the orc warrior's attack.
Saint Roka mumbles some strange prayers to Beogh against you.
Beogh smites you! You block the orc's attack. The orc knight misses you.
You hit Saint Roka.
Saint Roka is severely wounded.
The orc warrior barely misses you. Saint Roka completely misses you.
You block the orc warrior's attack. The orc closely misses you.
You block the orc knight's attack.
You closely miss Saint Roka.
Saint Roka is severely wounded.
The orc knight hits you with a +0 war axe!
* * * LOW HITPOINT WARNING * * *
You block the orc warrior's attack. You block the orc's attack.
Saint Roka mumbles some strange prayers to Beogh against you.
Beogh smites you!
* * * LOW HITPOINT WARNING * * *
You block the orc warrior's attack.
You slice Saint Roka!!
Saint Roka is almost dead.
You are no longer berserk.
You are exhausted.
You feel yourself slow down.
You cut Saint Roka into ribbons!!!
You kill Saint Roka!
You hear a shout!
The orc warrior no longer looks unusually strong.
The orc warrior hits you from afar with a +0 trident!
* * * LOW HITPOINT WARNING * * *
Xom thinks this is hilarious!
You block the orc's attack. You block the orc warrior's attack.
The orc knight hits you with a +0 war axe!!
You die...
Xom chortles!

#.....#..........[[........
##...............[.........
#...........#...#..#.......
##.####..................#.
### ##..#................
####.........[......
##..#........#....
#......)o.........
##....)@oo........
####..#oh...#..##
####ooo..#### #8...8#
#.....# #.....# ........
........# ..........


You could see an orc knight (strong), a warg, 4 orc warriors and 2 orcs.

Vanquished Creatures
  Saint Roka (Orc:2)
  A frost giant (IceCv)
  A dire elephant (Lair:2)
  A red draconian (Volcano)
  4 hydras (Lair:4)
  A jorogumo (D:10)
  2 centaur warriors (D:10)
  Erica (D:8)
  7 death yaks
  4 two-headed ogres
  3 skysharks (Lair:5)
  Nergalle (Lair:2)
  A salamander mystic (Volcano)
  A swamp dragon (Lair:2)
  An ugly thing (D:10)
  2 orc knights (Orc:2)
  A deep elf pyromancer (D:10)
  2 orc sorcerers (Orc:2)
  4 salamanders (Volcano)
  An ice statue (IceCv)
  29 elephants
  2 molten gargoyles (Volcano)
  3 black mambas
  Joseph (D:8)
  19 cane toads
  2 torpor snails (Lair:4)
  2 gargoyles
  5 unseen horrors
  10 rime drakes
  7 komodo dragons
  An efreet (D:10)
  2 tyrant leeches (Lair:5)
  4 trolls
  15 polar bears
  A hornet (D:10)
  24 blink frogs
  Sigmund (D:6)
  2 shadows
  A spriggan (Lair:2)
  A wraith (D:10)
  49 yaks
  2 fire bats (Volcano)
  3 basilisks
  9 wyverns
  Eustachio (D:4)
  4 steam dragons
  6 vampire mosquitoes
  2 wargs (Orc:2)
  An acid dragon (D:11)
  12 water moccasins
  Pargi (Sewer)
  An ice beast (D:6)
  18 orc warriors
  28 wolves
  6 ogres
  2 black bears
  An ogre (shapeshifter) (D:10)
  A phantom (D:5)
  4 centaurs
  17 bullfrogs
  A kobold brigand (D:10)
  2 gnoll sergeants (D:10)
  6 scorpions (D:5)
  6 wights (D:10)
  7 killer bees
  An electric eel (Lair:5)
  A howler monkey (D:10)
  5 lava snakes (Volcano)
  2 jellies
  6 hounds
  15 orc priests
  3 sleepcaps
  21 orc wizards
  7 hell rats
  7 iguanas
  4 gnolls (D:3)
  2 river rats (D:11)
  4 adders
  3 shadow imps
  A white imp (D:6)
  2 ufetubi
  2 worms
  A dart slug (D:4)
  87 orcs
  10 endoplasms
  8 giant cockroaches
  11 goblins
  6 hobgoblins
  7 jackals
  9 quokkas
  12 ball pythons
  3 bats
  5 frilled lizards
  8 kobolds
  9 rats
624 creatures vanquished.

Vanquished Creatures (collateral kills)
  Pikel (D:8)
  An elephant (Lair:2)
  4 yaks
  An acid dragon (D:10)
  3 orc warriors
  3 lemures (D:8)
  A kobold brigand (D:10)
  2 howler monkeys (D:10)
  An orc wizard (D:10)
  An orc (D:8)
  A butterfly (Lair:2)
19 creatures vanquished.

Vanquished Creatures (others)
  A dancing weapon (D:10)
  A yak (IceCv)
  An orc wizard (D:9)
  An orc (D:8)
4 creatures vanquished.

Grand Total: 647 creatures vanquished

Notes
Turn   | Place    | Note
-------+----------+-------------------------------------------
     0 | D:1      | Xavori the Djinni Chaos Knight began the quest for the Orb.
     0 | D:1      | Reached XP level 1. HP: 20/20 MP: 0/0
   246 | D:1      | XOM: silly message
   878 | D:1      | XOM: silly message
  1071 | D:1      | XOM: 1-stop teleportation journey
  1122 | D:1      | Found a faded altar of an unknown god.
  1136 | D:1      | Reached XP level 2. HP: 17/25 MP: 0/0
  1263 | D:1      | XOM: scenery: 1 doors open, 1 doors close
  1306 | D:1      | Found Luliwion's Jewellery Boutique.
  1553 | D:1      | Reached XP level 3. HP: 30/30 MP: 0/0
  1553 | D:1      | Learned a level 1 spell: Freeze
  1853 | D:1      | XOM: scenery: create altars
  2125 | D:1      | XOM: give mutation
  2770 | D:1      | XOM: god gift: +2 robe of willpower
  2820 | D:1      | XOM: summons 2 hostile demons
  2831 | D:2      | XOM: cloud trail
  3669 | D:1      | XOM: cloud trail
  3765 | D:1      | XOM: give mutation
  3765 | D:1      | Gained mutation: You have hidden genetic potential. [Xom's
                  | grace]
  3899 | D:1      | XOM: torment (16/30 hp)
  4333 | D:1      | XOM: give mutations
  4333 | D:1      | Gained mutation: You are strong-willed. (Will+) [Xom's
                  | mischief]
  4333 | D:1      | Gained mutation: You are highly strong-willed. (Will++)
                  | [Xom's mischief]
  4592 | D:1      | XOM: god gift: +2 triple sword of chaos
  4871 | D:1      | XOM is BORED!
  4871 | D:1      | XOM: stat loss: -2 Int (11/13)
  5484 | D:1      | XOM: divination: detect items
  5516 | D:1      | XOM: give mutations
  5516 | D:1      | Gained mutation: You are partially covered in iridescent
                  | scales. (AC +2) [Xom's grace]
  5516 | D:1      | Gained mutation: You have sharp fingernails. [Xom's grace]
  5516 | D:1      | Gained mutation: You have a pair of small horns on your
                  | head. [Xom's grace]
  6495 | D:1      | XOM: 1-stop teleportation journey
  6503 | D:1      | XOM: give mutation
  6503 | D:1      | Gained mutation: Your muscles are strong. (Str +4, Int/Dex
                  | -1) [Xom's grace]
  7991 | D:1      | XOM: divination: detect creatures
  8218 | D:1      | XOM: silly message
  8943 | D:1      | XOM: noise
  9308 | D:1      | XOM is BORED!
  9308 | D:1      | XOM: silly message
  9501 | D:1      | XOM: divination: detect items
  9505 | D:2      | Reached skill level 3 in Long Blades
  9805 | D:2      | You are sucked into a shaft and drop 2 floors!
  9859 | D:4      | Reached XP level 4. HP: 32/35 MP: 0/0
  9976 | D:4      | Gained mutation: Your muscles are very strong. (Str +8,
                  | Int/Dex -2) [hidden potential]
 10074 | D:4      | Reached XP level 5. HP: 40/40 MP: 0/0
 10074 | D:4      | Learned a level 2 spell: Call Imp
 10104 | D:4      | Noticed an ogre
 10110 | D:4      | Killed an ogre
 10111 | D:4      | Reached skill level 4 in Long Blades
 10111 | D:4      | Reached skill level 1 in Spellcasting
 10111 | D:4      | Reached skill level 1 in Conjurations
 10111 | D:4      | Reached skill level 1 in Hexes
 10111 | D:4      | Reached skill level 1 in Summonings
 10111 | D:4      | Reached skill level 1 in Necromancy
 10111 | D:4      | Reached skill level 1 in Translocations
 10111 | D:4      | Reached skill level 1 in Transmutations
 10111 | D:4      | Reached skill level 1 in Fire Magic
 10111 | D:4      | Reached skill level 1 in Ice Magic
 10111 | D:4      | Reached skill level 1 in Air Magic
 10111 | D:4      | Reached skill level 1 in Earth Magic
 10111 | D:4      | Reached skill level 1 in Poison Magic
 10113 | D:4      | Gained mutation: You expend health (3 HP) to strengthen
                  | your wands. [hidden potential]
 10113 | D:4      | Lost mutation: You have hidden genetic potential. [hidden
                  | potential expressed]
 10260 | D:4      | Noticed Eustachio
 10260 | D:4      | XOM: 5-stop teleportation journey
 10266 | D:4      | Killed Eustachio
 10267 | D:4      | Reached skill level 5 in Long Blades
 10267 | D:4      | Reached XP level 6. HP: 46/46 MP: 0/0
 10658 | D:3      | XOM: divination: magic mapping
 10663 | D:3      | Reached skill level 1 in Stealth
 10670 | D:3      | Reached XP level 7. HP: 42/50 MP: 0/0
 10670 | D:3      | Learned a level 2 spell: Momentum Strike
 11385 | D:3      | XOM: god gift: 60 gold pieces
 11496 | D:3      | XOM: silly message
 11723 | D:5      | Entered Level 5 of the Dungeon
 11731 | D:5      | XOM: silly message
 11779 | D:5      | Reached skill level 6 in Long Blades
 12020 | D:5      | Reached XP level 8. HP: 31/58 MP: 0/0
 12046 | D:5      | Found a glowing drain.
 12062 | Sewer    | Entered a sewer
 12126 | Sewer    | Noticed Pargi
 12129 | Sewer    | XOM: swap monsters
 12141 | Sewer    | Killed Pargi
 12354 | D:5      | Found a broken altar of Ashenzari.
 12376 | D:5      | Found a sparkling altar of Nemelex Xobeh.
 12378 | D:5      | Found a faded altar of an unknown god.
 12448 | D:5      | Reached skill level 7 in Long Blades
 12554 | D:5      | XOM: 4-stop teleportation journey
 13426 | D:2      | XOM: silly message
 13589 | D:6      | Reached skill level 8 in Long Blades
 13589 | D:6      | Reached XP level 9. HP: 56/62 MP: 0/0
 13589 | D:6      | Learned a level 4 spell: Summon Lightning Spire
 13628 | D:6      | Noticed Sigmund
 13839 | D:6      | Killed Sigmund
 13840 | D:6      | Reached skill level 9 in Long Blades
 13974 | D:6      | XOM: blink monster(s)
 14130 | D:6      | Identified the +0 chain mail of the Gusle {+Blink Regen+}
 14241 | D:6      | XOM: noise
 14580 | D:6      | Found a burning altar of Makhleb.
 14863 | D:7      | Found a staircase to the Ecumenical Temple.
 14897 | D:7      | XOM: divination: detect items
 14934 | D:7      | Found Vacwo's Antique Armour Shoppe.
 14938 | D:7      | Bought a dazzling scale mail for 270 gold pieces
 14938 | D:7      | Identified the +3 scale mail of Minor Irritation {rPois
                  | Int+3} (You bought it in a shop on level 7 of the Dungeon)
 15012 | D:7      | Identified the +6 long sword "Ontatwio" {speed, rC- Dex+3}
 15108 | D:7      | XOM: polymorph yak -> something unseen
 15115 | D:7      | XOM: scenery: summon butterflies
 15117 | D:7      | Reached XP level 10. HP: 41/69 MP: 0/0
 15121 | D:7      | XOM: cast spell 'Summon Mana Viper'
 15122 | D:7      | Reached skill level 10 in Long Blades
 15124 | D:7      | XOM: silly message
 15137 | D:7      | Killed an unseen horror
 15255 | D:7      | XOM: 7-stop teleportation journey
 15325 | D:7      | Found a shadowy altar of Dithmenos.
 15410 | D:7      | Reached skill level 5 in Fighting
 15459 | D:7      | XOM: god gift: runed plate armour {god gift}
 15513 | D:7      | Found a bloodstained altar of Trog.
 15652 | D:8      | XOM: noise
 15657 | D:8      | Noticed a two-headed ogre
 15665 | D:8      | XOM: destruction
 15669 | D:8      | XOM: summons 2 friendly demons
 15676 | D:8      | Killed a two-headed ogre
 15677 | D:8      | Reached skill level 1 in Shields
 15681 | D:8      | Reached skill level 11 in Long Blades
 15798 | D:8      | XOM: god gift: shiny orb {god gift}
 15890 | D:8      | Noticed Erica
 15894 | D:8      | XOM: summons friendly neqoxec
 15899 | D:8      | Killed Erica
 16005 | D:8      | XOM: summons 9 friendly demons
 16016 | D:8      | Reached XP level 11. HP: 62/76 MP: 0/0
 16016 | D:8      | Learned a level 4 spell: Dispel Undead
 16022 | D:8      | XOM: silly message
 16028 | D:8      | Noticed Pikel
 16033 | D:8      | Killed Pikel
 16109 | D:8      | Noticed Joseph
 16109 | D:8      | XOM: confuse monster(s)
 16114 | D:8      | XOM: cast spell 'Summon Mana Viper'
 16121 | D:8      | Killed Joseph
 16122 | D:8      | Reached skill level 12 in Long Blades
 16280 | D:8      | Found Zozikh's CLEARANCE SALE!.
 16359 | D:8      | XOM: divination: detect creatures
 16370 | D:8      | XOM: noise
 16783 | D:9      | Reached skill level 5 in Armour
 16941 | D:9      | XOM: destruction
 17073 | D:9      | XOM: enchant monster (bad)
 17226 | D:9      | XOM: 2-stop teleportation journey
 17323 | D:9      | Noticed a two-headed ogre
 17327 | D:9      | XOM: potion effect (berserk rage)
 17328 | D:9      | XOM: cast spell 'Summon Ice Beast'
 17330 | D:9      | Killed a two-headed ogre
 17577 | D:9      | XOM: silly message
 17687 | D:9      | XOM: silly message
 17775 | D:9      | XOM: silly message
 17777 | D:9      | XOM: silly message
 17886 | D:10     | Entered Level 10 of the Dungeon
 18070 | D:10     | XOM: silly message
 18142 | D:10     | XOM: enchant monster (good)
 18149 | D:10     | XOM: divination: magic mapping
 18151 | D:10     | XOM: draining
 18201 | D:10     | XOM: scenery: create altars
 18212 | D:10     | XOM: confusion (+ monsters)
 18231 | D:10     | XOM: swap monsters
 18270 | D:10     | XOM: torment (32/76 hp)
 18313 | D:10     | Reached XP level 12. HP: 49/83 MP: 0/0
 18320 | D:10     | Reached skill level 13 in Long Blades
 18329 | D:10     | Noticed a four-headed hydra
 18342 | D:10     | a four-headed hydra changed into a jorogumo
 18342 | D:10     | Noticed a jorogumo
 18342 | D:10     | XOM: polymorph four-headed hydra -> jorogumo
 18350 | D:10     | Killed a jorogumo
 18608 | D:10     | XOM: cast spell 'Olgreb's Toxic Radiance'
 18744 | D:10     | Noticed a centaur warrior
 18752 | D:10     | Killed a centaur warrior
 18790 | D:10     | XOM: confuse monster(s)
 18874 | D:10     | XOM: god gift: club {god gift}
 18907 | D:10     | Found a staircase to the Orcish Mines.
 18907 | D:10     | XOM: 8-stop teleportation journey
 18949 | D:10     | XOM: swap monsters
 18961 | D:10     | XOM: summons 6 friendly demons
 18967 | D:10     | Reached skill level 5 in Spellcasting
 18967 | D:10     | Reached skill level 5 in Conjurations
 18967 | D:10     | Reached skill level 5 in Hexes
 18967 | D:10     | Reached skill level 5 in Summonings
 18967 | D:10     | Reached skill level 5 in Necromancy
 18967 | D:10     | Reached skill level 5 in Translocations
 18967 | D:10     | Reached skill level 5 in Transmutations
 18967 | D:10     | Reached skill level 5 in Fire Magic
 18967 | D:10     | Reached skill level 5 in Ice Magic
 18967 | D:10     | Reached skill level 5 in Air Magic
 18967 | D:10     | Reached skill level 5 in Earth Magic
 18967 | D:10     | Reached skill level 5 in Poison Magic
 19399 | D:10     | Noticed a centaur warrior
 19403 | D:10     | Killed a centaur warrior
 19542 | D:11     | XOM: silly message
 19572 | D:11     | Noticed a death yak
 19583 | D:11     | Killed a death yak
 19586 | D:11     | Noticed a death yak
 19589 | D:11     | Noticed a death yak
 19590 | D:11     | XOM: smoke on damage
 19591 | D:11     | HP: 3/84 [hell rat (5)]
 19593 | D:11     | Noticed a two-headed ogre
 19598 | D:11     | Killed a two-headed ogre
 19615 | D:11     | Found a frozen archway.
 19647 | D:11     | XOM: 3-stop teleportation journey
 19655 | D:11     | XOM: noise
 19710 | D:11     | Identified the +6 trident of Kismet {protect, rCorr Int+3
                  | Stlth+}
 19799 | IceCv    | Entered an ice cave
 19827 | IceCv    | XOM: 2-stop teleportation journey
 20021 | IceCv    | Noticed a death yak
 20021 | IceCv    | Noticed a death yak
 20022 | IceCv    | Noticed a death yak
 20023 | IceCv    | XOM: enchant monster (good)
 20038 | IceCv    | XOM: confuse monster(s)
 20041 | IceCv    | Killed a death yak
 20043 | IceCv    | Killed a death yak
 20044 | IceCv    | Reached skill level 14 in Long Blades
 20053 | IceCv    | Killed a death yak
 20054 | IceCv    | Reached XP level 13. HP: 90/90 MP: 0/0
 20054 | IceCv    | Learned a level 5 spell: Silence
 20086 | IceCv    | Noticed a frost giant
 20110 | IceCv    | XOM: summons friendly quasit
 20112 | IceCv    | XOM: give mutations
 20112 | IceCv    | Lost mutation: You have sharp fingernails. [Xom's mischief]
 20112 | IceCv    | Lost mutation: You are partially covered in iridescent
                  | scales. (AC +2) [Xom's mischief]
 20112 | IceCv    | Gained mutation: You possess an exceptional clarity of
                  | mind. [Xom's mischief]
 20124 | IceCv    | XOM: enchant monster (good)
 20130 | IceCv    | Killed a frost giant
 20130 | IceCv    | XOM: enchant monster (good)
 20144 | IceCv    | XOM: confuse monster(s)
 20359 | IceCv    | XOM: cast spell 'Leda's Liquefaction'
 20368 | IceCv    | XOM: cast spell 'Summon Small Mammal'
 20458 | IceCv    | XOM: blink monster(s)
 20460 | IceCv    | Reached skill level 5 in Dodging
 20464 | IceCv    | XOM: silly message
 20490 | IceCv    | XOM: summons 1 hostile demon
 20529 | IceCv    | Reached skill level 5 in Shields
 20532 | IceCv    | XOM: chaos cloud
 20533 | IceCv    | XOM: 2-stop teleportation journey
 20615 | IceCv    | XOM: chaos cloud
 20616 | IceCv    | Paralysed by you for 3 turns
 20641 | IceCv    | XOM: draining
 20683 | IceCv    | XOM: summons 2 hostile shadow creatures
 20685 | IceCv    | XOM: draining
 20694 | IceCv    | XOM: polymorph wolf -> ogre
 20702 | IceCv    | XOM: summons 3 hostile demons
 20709 | IceCv    | Xom revived you
 21096 | IceCv    | XOM: silly message
 21265 | IceCv    | XOM: smoke on damage
 21272 | IceCv    | XOM: give mutation
 21272 | IceCv    | Lost mutation: You are highly strong-willed. (Will++)
                  | [Xom's mischief]
 21433 | IceCv    | XOM: give mutations
 21433 | IceCv    | Gained mutation: You are clumsy. (Dex -2) [Xom's mischief]
 21433 | IceCv    | Lost mutation: Your muscles are very strong. (Str +8,
                  | Int/Dex -2) [Xom's mischief]
 21433 | IceCv    | Lost mutation: You are clumsy. (Dex -2) [Xom's mischief]
 21433 | IceCv    | Lost mutation: You have a pair of small horns on your head.
                  | [Xom's mischief]
 21641 | IceCv    | XOM: silly message
 21789 | D:11     | XOM: 1-stop teleportation journey
 21929 | D:11     | XOM: summons 5 friendly demons
 21941 | D:11     | XOM: cleaving
 22100 | D:11     | XOM: 4-stop teleportation journey
 22501 | D:11     | Found a staircase to the Lair.
 23029 | Lair:1   | Entered Level 1 of the Lair of Beasts
 23032 | Lair:1   | XOM: noise
 23051 | Lair:1   | XOM: confuse monster(s)
 23053 | Lair:1   | XOM: summons 11 friendly demons
 23066 | Lair:1   | Reached skill level 5 in Stealth
 23084 | D:11     | Reached XP level 14. HP: 53/98 MP: 0/0
 23211 | Lair:1   | XOM: enchant monster (good)
 23215 | Lair:1   | XOM: cast spell 'Alistair's Intoxication'
 23217 | Lair:1   | XOM: confuse monster(s)
 23375 | Lair:1   | Noticed OldManVictorn's ghost (journeyman GnWn)
 23489 | Lair:1   | Found a transporter.
 23504 | Lair:1   | Found a transporter.
 23804 | Lair:2   | Found a staircase to the Snake Pit.
 23808 | Lair:2   | XOM: summons friendly quasit
 23824 | Lair:2   | Found a staircase to the Swamp.
 23825 | Lair:2   | Identified the +7 long sword "Alol" {heavy, *Corrode rN+
                  | Dex+6}
 23834 | Lair:2   | XOM: confuse monster(s)
 23963 | Lair:2   | XOM: cast spell 'Dispersal'
 24012 | Lair:2   | Noticed Nergalle
 24020 | Lair:2   | Killed Nergalle
 24021 | Lair:2   | XOM: summons 12 friendly demons
 24037 | Lair:2   | XOM: god gift: Grand Grimoire
 24053 | Lair:2   | Found a dark tunnel.
 24062 | Volcano  | Entered a volcano
 24137 | Volcano  | XOM: silly message
 24285 | Volcano  | Reached skill level 15 in Long Blades
 24534 | Volcano  | Found a burning altar of Makhleb.
 24544 | Volcano  | XOM: potion effect (brilliance)
 24546 | Volcano  | XOM: confuse monster(s)
 24691 | Volcano  | Noticed a red draconian
 24700 | Volcano  | Killed a red draconian
 24983 | Lair:2   | XOM: divination: detect creatures
 25024 | Lair:2   | XOM: potion effect (heal wounds)
 25196 | Lair:2   | Noticed a dire elephant
 25211 | Lair:2   | Killed a dire elephant
 25594 | Lair:2   | XOM: potion effect (invisibility)
 25883 | Lair:3   | XOM: cast spell 'Leda's Liquefaction'
 25943 | Lair:3   | XOM: potion effect (haste)
 25947 | Lair:3   | XOM: noise
 26006 | Lair:3   | XOM: silly message
 26022 | Lair:3   | XOM: silly message
 26080 | Lair:3   | XOM: silly message
 26182 | Lair:3   | Reached XP level 15. HP: 93/105 MP: 0/0
 26182 | Lair:3   | Learned a level 6 spell: Leda's Unmaking
 26256 | Lair:3   | XOM: 3-stop teleportation journey
 27030 | Lair:4   | XOM: divination: detect creatures
 27034 | Lair:4   | XOM: noise
 27166 | Lair:4   | Identified the +0 ring mail of the Irksome God {Str+4 Int+3
                  | Slay+3}
 27241 | Lair:4   | XOM: enchant monster (good)
 27348 | Lair:4   | XOM: cloud trail
 27548 | Lair:4   | XOM: confuse monster(s)
 27558 | Lair:4   | XOM: enchant monster (bad)
 27938 | Lair:4   | XOM: give mutations
 27938 | Lair:4   | Gained mutation: You are partially covered in iridescent
                  | scales. (AC +2) [Xom's mischief]
 27938 | Lair:4   | Gained mutation: You occasionally shout uncontrollably at
                  | your foes. [Xom's mischief]
 27983 | Lair:4   | Found the +4 skin of Zhor {*Englaciate rC+++ SInv}
 28039 | Lair:4   | XOM: fake destruction
 28364 | Lair:4   | XOM: enchant monster (bad)
 28365 | Lair:4   | XOM: enchant monster (bad)
 28370 | Lair:4   | XOM: butterfly on damage
 28405 | Lair:4   | XOM: scenery: 1 doors open, 1 doors close
 28417 | Lair:4   | XOM: god gift: 43 gold pieces
 28478 | Lair:4   | XOM: cloud trail
 28722 | Lair:4   | XOM: god gift: Pefoexec's Notes on Destined Shaping {god
                  | gift}
 28732 | Lair:5   | Entered Level 5 of the Lair of Beasts
 28732 | Lair:5   | Found a staircase to the Slime Pits.
 28804 | Lair:5   | XOM: enchant monster (good)
 28926 | Lair:5   | XOM: 1-stop teleportation journey
 28943 | Lair:5   | XOM: divination: magic mapping
 29023 | Lair:5   | Reached skill level 10 in Shields
 29099 | Lair:5   | XOM: 1-stop teleportation journey
 29258 | Lair:5   | XOM: 5-stop teleportation journey
 29426 | Lair:5   | XOM: swap monsters
 29467 | Lair:5   | XOM: blink monster(s)
 29843 | Lair:5   | XOM: give mutations
 29843 | Lair:5   | Gained mutation: You are mostly covered in iridescent
                  | scales. (AC +4) [Xom's mischief]
 29843 | Lair:5   | Lost mutation: You occasionally shout uncontrollably at
                  | your foes. [Xom's mischief]
 30044 | Orc:1    | XOM: stealth player
 30044 | Orc:1    | Entered Level 1 of the Orcish Mines
 30199 | Orc:1    | XOM: god gift: 27 gold pieces
 30260 | Orc:2    | Entered Level 2 of the Orcish Mines
 30313 | Orc:2    | XOM: enchant monster (bad)
 30318 | Orc:2    | Reached skill level 10 in Fighting
 30318 | Orc:2    | Reached XP level 16. HP: 83/112 MP: 0/0
 30698 | Orc:2    | Noticed Saint Roka
 30776 | Orc:2    | Killed Saint Roka
 30776 | Orc:2    | Demolished by an orc knight

Illustrated notes

Levels and vault maps discovered:
D:1:      dpeg_arrival_stonehenge_8_columns, layout_basic, serial_shops, shop,
          basic_ecumenical_altar, ebering_dispersal_statue_hall
D:2:      minmay_angry_zag, layout_loops_ring, basic_altar
D:3:      layout_basic
D:4:      dreamdust_elfheim, layout_loops_ring, uniq_eustachio
D:5:      minmay_spotlight, layout_loops_corners,
          chequers_temple_overflow_minitemple, gup_sewer_entry_pipe,
          chequers_avenue
D:6:      layout_layer_cave, makhleb_blood_cavern_becter, minivault_23,
          uniq_sigmund
D:7:      layout_basic, grunt_dithmenos_smoke_and_mirrors,
          mainiacjoe_overflow_tiny_flanked, minmay_temple_entry_mini_moons,
          serial_shops, nicolae_shop_back_alley_shop
D:8:      layout_basic, special_room [special_room_orc], nicolae_shop_clearance,
          uniq_joseph, uniq_pikel, uniq_erica
D:9:      minmay_goldmine, layout_stronghold
D:10:     cheibrodos_ideogram_h, layout_loops_ring,
          minmay_orc_entry_temple_small, minmay_misc_feat_square, dk_vineyard_3
D:11:     layout_stronghold, dpeg_lair_monsters,
          portal_ice_cave_entry_pillars_1, serial_park_tiny_2, st_stairs_10,
          columned_hall_lemuel
Lair:1:   layout_misc_corridors, gammafunk_ghost_arena
Lair:2:   mu_elephants_graveyard, layout_cave_pods, minmay_swamp_entry_reptiles,
          dummy_snake_entry, enter_volcano_1, minivault_25, lemuel_fruit_fields,
          uniq_nergalle
Lair:3:   layout_cave_pods
Lair:4:   layout_roguey, special_room [special_room_mythical_zoo], serial_bayou,
          serial_bayou_pond_d, serial_bayou_pond_a, serial_bayou_shore_b,
          serial_bayou_shore_a, hellmonk_guarded_unrand_zhor
Lair:5:   minmay_lair_end_frog_pond, layout_long_grid, slime_entry_1,
          lookout_lair_type, serial_bayou_shore_b
Orc:1:    layout_caves
Orc:2:    grunt_orc_cross, layout_caves, minmay_orc_barracks

Skill      XL: |  1  2  3  4  5  6  7  8  9 10 11 12 13 14 15 |
---------------+----------------------------------------------+-----
Long Blades    | 3 5 6 8 9 11 12 14 15 | 15.6
Armour         | 2 3 4 5 7 8 9 |  9.4
Spellcasting   | 1 2 3 4 5 6 7 |  7.6
Conjurations   | 1 2 3 4 5 6 7 |  7.6
Hexes          | 1 2 3 4 5 6 7 |  7.6
Summonings     | 1 2 3 4 5 6 7 |  7.6
Necromancy     | 1 2 3 4 5 6 7 |  7.6
Translocations | 1 2 3 4 5 6 7 |  7.6
Transmutations | 1 2 3 4 5 6 7 |  7.6
Fire Magic     | 1 2 3 4 5 6 7 |  7.6
Ice Magic      | 1 2 3 4 5 6 7 |  7.6
Air Magic      | 1 2 3 4 5 6 7 |  7.6
Earth Magic    | 1 2 3 4 5 6 7 |  7.6
Poison Magic   | 1 2 3 4 5 6 7 |  7.6
Stealth        | 1 2 3 5 6 |  6.4
Dodging        | 3 4 5 6 7 |  7.7
Fighting       | 4 5 6 7 8 9 10 | 10.0
Shields        | 1 2 4 6 8 10 | 10.5
Evocations     | |  0.4

Action                     |  1- 3 |  4- 6 |  7- 9 | 10-12 | 13-15 | 16-18 || total
---------------------------+-------+-------+-------+-------+-------+-------++-------
  Melee: Falchion          |   137 |       |       |       |       |       ||   137
         Punch             |     1 |       |       |     4 |       |       ||     5
         Headbutt          |     5 |     9 |    37 |   108 |    70 |       ||   229
         Triple sword      |     4 |    55 |   209 |       |       |       ||   268
         Long sword        |       |       |    11 |   448 |  1126 |    80 ||  1665
         Scimitar          |       |       |       |       |    28 |       ||    28
  Evoke: Wand              |       |       |       |     2 |     5 |       ||     7
    Use: Scroll            |     3 |       |     5 |     8 |    10 |       ||    26
         Potion            |       |       |       |     2 |     7 |     2 ||    11
   Stab: Sleeping          |       |     2 |     4 |       |     7 |     4 ||    17
         Distracted        |       |       |       |     2 |     8 |       ||    10
         Confused          |       |       |       |     9 |    10 |       ||    19
         Petrified         |       |       |       |     4 |     4 |       ||     8
         Invisible         |       |       |       |       |    18 |       ||    18
         Paralysed         |       |       |       |       |     5 |       ||     5
 Armour: Leather armour    |    61 |    32 |   123 |       |       |       ||   216
         Scale mail        |       |       |     8 |     3 |       |       ||    11
         Plate armour      |       |       |       |   142 |     6 |       ||   148
         Ice dragon scales |       |       |       |       |   336 |    22 ||   358
  Dodge: Dodged            |   114 |    41 |   190 |    89 |   513 |    26 ||   973
  Block: Other             |       |       |     8 |    32 |       |       ||    40
         Reflection        |       |       |       |    11 |     6 |     2 ||    19
         Kite shield       |       |       |       |   128 |  1289 |    79 ||  1496

Table legend: (Time is in decaauts)
 A = Elapsed time spent in this place.
 B = Non-inter-level travel time spent in this place.
 C = Inter-level travel time spent in this place.
 D = Time resting spent in this place.
 E = Time spent auto-exploring this place.
 F = Levels seen in this place.
 G = Mean time per level.
                   A        B        C        D        E       F      G
               +--------+--------+--------+--------+--------+-----+--------+
         Total |  30668 |  29791 |    877 |  12066 |  13264 |  21 | 1460.4 |
       Dungeon |  21039 |  20357 |    682 |   9955 |   8239 |  11 | 1912.6 |
          Lair |   6158 |   5984 |    174 |    900 |   3708 |   5 | 1231.6 |
  Orcish Mines |    749 |    728 |     21 |    203 |    254 |   2 |  374.5 |
         Sewer |    130 |    130 |      0 |      0 |     92 |   1 |  130.0 |
      Ice Cave |   1861 |   1861 |      0 |    862 |    549 |   1 | 1861.0 |
       Volcano |    729 |    729 |      0 |    146 |    421 |   1 |  729.0 |
               +--------+--------+--------+--------+--------+-----+--------+

Top non-repeatable levels by time:
     D:1: 9228 daAuts
   IceCv: 1861 daAuts
  Lair:4: 1753 daAuts
    D:11: 1708 daAuts
     D:5: 1474 daAuts
  Lair:2: 1390 daAuts
     D:9: 1377 daAuts
    D:10: 1278 daAuts
  Lair:5: 1220 daAuts
     D:3: 1166 daAuts
  Lair:3: 1154 daAuts
     D:2: 1060 daAuts
     D:8: 1018 daAuts
     D:6: 978 daAuts
     D:4: 887 daAuts
